 Dungeon Crawl Stone Soup version 0.19.3-4-gbf9329e (webtiles) character file.

106 Dolanko the Sneak (level 4, -2/36 HPs)
             Began as a Naga Enchanter on Jan 28, 2017.
             Slain by Grinder (6 damage)
             ... while paralysed by Grinder
             ... on level 3 of the Dungeon.
             The game lasted 00:09:00 (1801 turns).

Dolanko the Sneak (Naga Enchanter)                  Turns: 1801, Time: 00:09:01

Health: -2/36      AC:  3    Str: 16    XL:     4   Next: 84%
Magic:  16/16      EV:  1    Int: 15    God:
Gold:   121        SH:  0    Dex: 17    Spells: 2 memorised, 4 levels left

rFire  . . .     SeeInvis +     q - +1 dagger (venom)
rCold  . . .     Gourm    .     b - +1 robe
rNeg   . . .     Faith    .     (no shield)
rPois  +         Spirit   .     (no helmet)
rElec  .         Reflect  .     (no cloak)
rCorr  .         Harm     .     (no gloves)
MR     .....                    (no barding)
Stlth  ++++......               (no amulet)
                                (no ring)
                                h - ring of magical power

@: paralysed, mighty, agile, very slow
A: see invisible, deformed body, poison resistance, slowness 2, slow metabolism
1, spit poison 1, AC +1
a: Spit Poison


You were on level 3 of the Dungeon.
You were not hungry.

You visited 1 branch of the dungeon, and saw 3 of its levels.

You collected 121 gold pieces.

Inventory:

Hand Weapons
 n - a +2 dagger of freezing
 q - a +1 dagger of venom (weapon)
Armour
 b - a +1 robe (worn)
Jewellery
 h - a ring of magical power (left hand)
Scrolls
 e - 4 scrolls of identify
 f - a scroll of blinking {unknown}
 g - a scroll of remove curse {unknown}
 i - 2 scrolls of amnesia {unknown}
 l - a scroll of fog {unknown}
Books
 c - a book of Maledictions

   Spells                             Type                      Level
   a - Corona                         Hexes                        1
   b - Ensorcelled Hibernation        Hexes/Ice                    2
   c - Confuse                        Hexes                        3
   d - Tukima's Dance                 Hexes                        3
   e - Dazzling Spray                 Conjuration/Hexes            3
Comestibles
 a - a royal jelly
 d - 2 bread rations
 o - 2 meat rations
 p - 2 chunks of flesh
 r - a beef jerky


   Skills:
 - Level 1.0 Short Blades
 - Level 1.5 Dodging
 - Level 5.2 Stealth
 - Level 2.0 Spellcasting
 + Level 4.5 Hexes
 + Level 2.0 Ice Magic


You had 4 spell levels left.
You knew the following spells:

 Your Spells              Type           Power        Failure   Level  Hunger
a - Corona                Hex            ###....      3%          1    #......
b - Ensorcelled Hibernat  Hex/Ice        ##....       12%         2    ###....


Dungeon Overview and Level Annotations

Branches:
Dungeon (3/15)

Altars:
Gozag
Makhleb
Zin

Annotations:
D:3 Grinder


Innate Abilities, Weirdness & Mutations

You cannot wear boots.
Your serpentine skin is tough. (AC +1)
You have supernaturally acute eyesight. (SInv)
Armour fits poorly on your strangely shaped body.
Your system is resistant to poisons. (rPois)
You cover ground very slowly.
You have a slow metabolism.
You can spit poison.


Message History

The bat hits you but does no damage. Grinder hits you but does no damage.
You puncture Grinder!
Grinder is poisoned.
Grinder is moderately wounded.
The bat misses you. Grinder barely misses you. The bat hits you.
You puncture Grinder!
Grinder looks as sick as possible!
Grinder is severely wounded.
The bat completely misses you. Grinder gestures at you.
You suddenly lose the ability to move!
The bat hits you but does no damage. The bat hits you. Grinder gestures at you.
You resist with significant effort. The bat hits you but does no damage.
Grinder hits you.
* * * LOW HITPOINT WARNING * * *
You writhe in agony.
* * * LOW HITPOINT WARNING * * *
The bat hits you but does no damage. Grinder hits you.
* * * LOW HITPOINT WARNING * * *
You writhe in agony.
You die...

#. ...#.# ... #.
###..#.######... #..
#............... ...
#.##............
#.####...)..........b
...##...............
###.###.#............
#.....5.b..........#
#.#.##@##............
#.#.##.##............
#.#.##...............
#.#.######.>.........
#.....# #...........
###...#.#
...####.....
#.....#.# #.### .....
####.## # . # #.#


You could see Grinder and a bat.

Vanquished Creatures
  Ijyb (D:2)
  3 adders
  An ooze (D:1)
  2 worms (D:2)
  3 ball pythons
  5 giant cockroaches
  6 goblins
  5 hobgoblins
  8 kobolds
  5 bats
  2 frilled lizards
  4 rats (D:2)
45 creatures vanquished.

Notes
Turn   | Place    | Note
-------+----------+-------------------------------------------
     0 | D:1      | Dolanko the Naga Enchanter began the quest for the Orb.
     0 | D:1      | Reached XP level 1. HP: 15/15 MP: 3/3
     2 | D:1      | Noticed an elf
     2 | D:1      | Noticed a formicid
     4 | D:1      | Noticed a centaur
    10 | D:1      | Noticed a minotaur skeleton
    14 | D:1      | Noticed a draconian
    16 | D:1      | Noticed a troll
    18 | D:1      | Noticed a formicid
    20 | D:1      | Noticed a vampire
   185 | D:1      | Reached XP level 2. HP: 19/22 MP: 5/5
   192 | D:1      | Learned a level 2 spell: Ensorcelled Hibernation
   524 | D:1      | Reached skill level 5 in Stealth
   785 | D:1      | Reached XP level 3. HP: 25/28 MP: 6/6
   916 | D:2      | Found a burning altar of Makhleb.
  1062 | D:2      | Noticed Ijyb
  1077 | D:2      | Killed Ijyb
  1077 | D:2      | Reached skill level 1 in Ice Magic
  1077 | D:2      | Reached XP level 4. HP: 33/36 MP: 7/7
  1611 | D:2      | Found an opulent altar of Gozag.
  1611 | D:2      | Found a glowing silver altar of Zin.
  1763 | D:3      | Noticed Grinder
  1798 | D:3      | Paralysed by Grinder for 7 turns
  1801 | D:3      | Slain by Grinder

Skill      XL: |  1  2  3  4 |
---------------+-------------+-----
Stealth        | 5 |  5.2
Hexes          | 4 |  4.5
Ice Magic      | 1 2 |  2.0
Short Blades   | |  1.0
Dodging        | |  1.5
Spellcasting   | |  2.0

Action                   |  1- 3 |  4- 6 || total
-------------------------+-------+-------++-------
Melee: Dagger            |    75 |    34 ||   109
 Cast: Ensorcelled Hiber |    18 |     6 ||    24
 Abil: Spit Poison       |     1 |     1 ||     2
  Use: Potion            |       |     3 ||     3
       Scroll            |       |     1 ||     1
 Stab: Sleeping          |    14 |    10 ||    24
  Eat: Chunk             |     1 |     3 ||     4
Armor: Robe              |    24 |    16 ||    40
Dodge: Dodged            |    42 |    16 ||    58
